 Dungeon Crawl Stone Soup version 0.21.0-3-g78d12a8 (webtiles) character file.

19 tidbits the Sneak (level 2, 7/14 HPs)
             Began as a Vine Stalker Wizard on Jan 10, 2018.
             Quit the game on level 2 of the Dungeon.
             The game lasted 00:03:14 (358 turns).

tidbits the Sneak (Vine Stalker Wizard)              Turns: 358, Time: 00:03:15

Health: 7/14       AC:  3    Str:  9    XL:     2   Next: 75%
Magic:  5/7        EV: 12    Int: 18    God:
Gold:   20         SH:  0    Dex: 12    Spells: 4/7 levels left

rFire    . . .     SeeInvis .   j - +0 dagger
rCold    . . .     Gourm    .   (no shield)
rNeg     . . .     Faith    .   a - +0 robe
rPois    .         Spirit   +   E - +0 helmet (curse)
rElec    .         Reflect  .   (no cloak)
rCorr    .         Harm     .   (no gloves)
MR       .....                  (no boots)
Stlth    ..........             (no amulet)
HPRegen  0.04/turn              h - ring of loudness (curse)
MPRegen  0.10/turn              (no ring)

@: confused
A: fangs 2, magic shield, antimagic bite, no potion heal 3, rot immunity
a: no special abilities


You were on level 2 of the Dungeon.
You were not hungry.

You visited 1 branch of the dungeon, and saw 2 of its levels.

You collected 20 gold pieces.

Inventory:

Hand Weapons
 j - a +0 dagger (weapon)
Missiles
 g - 22 arrows
 k - 2 javelins of returning (quivered)
Armour
 a - a +0 robe (worn)
 b - a +0 hat
 e - a +0 helmet
 E - a cursed +0 helmet (worn)
Jewellery
 h - a cursed ring of loudness (left hand)
   (You found it on level 1 of the Dungeon)
Potions
 l - a potion of might {unknown}
 m - a potion of heal wounds {unknown}
Books
 c - a book of Minor Magic

   Spells                             Type                      Level
   a - Magic Dart                     Conjuration                  1
   b - Blink                          Translocation                2
   c - Call Imp                       Summoning                    2
   d - Slow                           Hexes                        2
   e - Conjure Flame                  Conjuration/Fire             3
   f - Mephitic Cloud                 Conjuration/Poison/Air       3
Comestibles
 d - a ration


   Skills:
 + Level 1.3 Fighting
 - Level 1.5 Dodging
 + Level 3.4 Stealth
 - Level 3.2 Spellcasting
 - Level 1.0 Conjurations
 - Level 1.0 Summonings
   Level 1.0 Translocations


You had 4 spell levels left.
You knew the following spells:

 Your Spells              Type           Power        Failure   Level  Hunger
a - Magic Dart            Conj           #...         11%         1    None
i - Call Imp              Summ           #.......     16%         2    ##.....


Dungeon Overview and Level Annotations

Branches:
Dungeon (2/15)

Altars:


Innate Abilities, Weirdness & Mutations

You have extremely sharp teeth.
When hurt, damage is shared between your health and your magic reserves.
Your bite disrupts and absorbs the magic of your enemies.
Potions cannot restore your health.
You are immune to rotting.


Message History

Press: ? - help, Shift-Dir - straight line, f/p - dart slug
Aim: a dart slug (almost dead, clinging)
The magic dart hits the dart slug.
The dart slug is almost dead.
The dart slug bites you.
Casting: Magic Dart
Confirm with . or Enter, or press ? or * to list all spells.
Aiming: Magic Dart
Press: ? - help, Shift-Dir - straight line, f/p - dart slug
Aim: a dart slug (almost dead, clinging)
The magic dart hits the dart slug.
The dart slug is almost dead.
The dart slug bites you but does no damage.
Casting: Magic Dart
Confirm with . or Enter, or press ? or * to list all spells.
Aiming: Magic Dart
Press: ? - help, Shift-Dir - straight line, f/p - dart slug
Aim: a dart slug (almost dead, clinging)
The magic dart hits the dart slug.
You kill the dart slug!
Things that are here:
a dagger; a kobold corpse
f - a smoky purple potion
Found a fizzy dark potion and a bubbling pink potion.
k - a javelin of returning
k - 2 javelins of returning (gained 1)
l - a fizzy dark potion
m - a bubbling pink potion
There is a stone staircase leading down here.
You climb downwards.
A rat comes into view.
Found 19 gold pieces.
There is a stone staircase leading up here.
The rat closely misses you.
You hit the rat.
You kill the rat!
Okay, then.
Found 23 stones.
A rat and a giant cockroach come into view.
The helpless giant cockroach fails to defend itself.
You puncture the giant cockroach!
You kill the giant cockroach!
You hit the rat.
You kill the rat!
You now have 20 gold pieces (gained 19).
A bat and a ball python come into view.
The ball python hisses angrily.
The ball python moves out of view.
Found a blowgun.
Casting: Magic Dart
Confirm with . or Enter, or press ? or * to list all spells.
Aiming: Magic Dart
Press: ? - help, Shift-Dir - straight line, f - bat
Aim: a bat The magic dart hits the bat.
The bat hits you.
Casting: Magic Dart
Confirm with . or Enter, or press ? or * to list all spells.
Aiming: Magic Dart
Press: ? - help, Shift-Dir - straight line, f/p - bat
Aim: a bat The magic dart hits the bat.
The bat is heavily wounded.
The bat hits you but does no damage.
Casting: Magic Dart
Confirm with . or Enter, or press ? or * to list all spells.
Aiming: Magic Dart
Press: ? - help, Shift-Dir - straight line, f/p - bat
Aim: a bat (heavily wounded)
The magic dart hits the bat.
You kill the bat!
Casting: Magic Dart
Confirm with . or Enter, or press ? or * to list all spells.
Aiming: Magic Dart
Press: ? - help, Shift-Dir - straight line, f - ball python
Aim: a ball python The magic dart hits the ball python.
The ball python is moderately wounded.
You closely miss the ball python. You bite the ball python.
You drain its power.
You feel invigorated.
The ball python is severely wounded.
The ball python barely misses you. The ball python grabs you.
The ball python constricts you.
Casting: Magic Dart
Confirm with . or Enter, or press ? or * to list all spells.
Aiming: Magic Dart
Press: ? - help, Shift-Dir - straight line, f/p - ball python
Aim: a ball python (severely wounded, constricting you)
The magic dart hits the ball python.
You kill the ball python!
An adder comes into view.
The adder hisses angrily.
It was a potion of curing.
That felt strangely inert.
It was a potion of ambrosia.
You are confused.
Your system rejects the healing.
You feel invigorated.
Okay, then.
The adder bites you.
You bump into the rock wall.
The adder bites you.
* * * LOW HITPOINT WARNING * * *
Are you sure you want to abandon this character and quit the game? (Confirm with "yes".)

#.....#..#
#.<...#..###
#..........#
#........#.#
#.####...# #
###.####...#
..........#.#
##.####.#†..##
#...@.........#
......#S.##.....#....
.####......#....# ###
##......#..#..
##.....###....
#.)..## .... #...#.
.. ##.#... #.#....


You could see an adder.

Vanquished Creatures
  2 dart slugs (D:1)
  A ball python (D:2)
  2 giant cockroaches
  A goblin (D:1)
  2 jackals (D:1)
  2 bats
  A frilled lizard (D:1)
  A kobold (D:1)
  3 rats
15 creatures vanquished.

Notes
Turn   | Place    | Note
-------+----------+-------------------------------------------
     0 | D:1      | tidbits the Vine Stalker Wizard began the quest for the Orb.
     0 | D:1      | Reached XP level 1. HP: 9/9 MP: 5/5
    73 | D:2      | Noticed a hound
   219 | D:1      | Reached XP level 2. HP: 10/14 MP: 0/7
   223 | D:1      | Learned a level 2 spell: Call Imp
   238 | D:1      | Reached skill level 3 in Stealth
   248 | D:1      | Reached skill level 1 in Fighting
   358 | D:2      | Quit the game

Skill      XL: |  1  2 |
---------------+-------+-----
Stealth        | 3 |  3.4
Fighting       | 1 |  1.3
Dodging        | |  1.5
Spellcasting   | |  3.2
Conjurations   | |  1.0
Summonings     | |  1.0
Translocations | |  1.0

Action                   || total
-------------------------++-------
Melee: Unarmed           ||    12
       Bite              ||     8
       Dagger            ||     9
Throw: Javelin           ||    10
 Cast: Magic Dart        ||    27
  Use: Scroll            ||     1
       Potion            ||     2
 Stab: Sleeping          ||     1
Armor: Robe              ||     9
Dodge: Dodged            ||    18

Table legend:
 A = Turns spent in this place as a percentage of turns spent in the entire game.
 B = Non-inter-level travel turns spent in this place as a percentage of non-inter-level travel turns spent in the entire game.
 C = Inter-level travel turns spent in this place as a percentage of turns spent in this place.
 D = Turns resting spent in this place as a percentage of non-inter-level travel turns spent in this place.
 E = Turns spent auto-exploring this place as a percentage of non-inter-level travel turns spent in this place.
 F = Non-inter-level travel turns spent in this place divided by the number of levels of this place that you've seen.
                   A       B       C       D       E      F
               +-------+-------+-------+-------+-------+----------------------
         Total | 100.0 | 100.0 |   5.3 |   0.0 |   0.0 | 169.5
       Dungeon | 100.0 | 100.0 |   5.3 |   0.0 |   0.0 | 169.5
               +-------+-------+-------+-------+-------+----------------------

Table legend:
 A = Kills in this place as a percentage of kills in entire the game.
 B = Kills by you in this place as a percentage of kills by you in the entire game.
 C = Kills by friends in this place as a percentage of kills by friends in the entire game.
 D = Other kills in this place as a percentage of other kills in the entire game.
 E = Experience gained in this place as a percentage of experience gained in the entire game.
 F = Experience gained in this place divided by the number of levels of this place that you have seen.
                   A       B       C       D       E      F
               +-------+-------+-------+-------+-------+----------------------
         Total | 100.0 | 100.0 |   N/A |   N/A | 100.0 |  14.0
       Dungeon | 100.0 | 100.0 |   N/A |   N/A | 100.0 |  14.0
               +-------+-------+-------+-------+-------+----------------------

Vault maps used:
D:1:      minmay_arrival_stone_box
D:2:      minmay_misc_feat_chi, minmay_pentomino_p4
